 Dungeon Crawl Stone Soup version 0.17-a0-1738-g82cdc46 (webtiles) character file.

29 kae the Insei (level 3, 14/29 HPs)
             Began as a Demonspawn Monk on Aug 30, 2015.
             Quit the game on level 2 of the Dungeon.
             The game lasted 00:01:01 (1285 turns).

kae the Insei (Demonspawn Monk)                     Turns: 1285, Time: 00:01:01

Health: 14/29      AC:  3    Str: 11    XL:     3   Next: 1%
Magic:  3/3        EV: 13    Int: 11    God:
Gold:   86         SH:  0    Dex: 16    Spells: 0 memorised, 2 levels left

rFire  . . .     SeeInvis .       - Unarmed
rCold  + . .     Clarity  .     a - +0 robe
rNeg   . . .     SustAt   .     (no shield)
rPois  .         Gourm    .     (no helmet)
rElec  .         Spirit   +     (no cloak)
rCorr  .         Warding  .     n - +0 pair of gloves (curse)
rMut   .         Stasis   .     (no boots)
MR     .....                    (no amulet)
Stlth  ++........               (no ring)
                                g - ring of protection from cold

@: not resistant to hostile enchantments, unstealthy
A: talons 1, magic shield
a: no special abilities


You were on level 2 of the Dungeon.
You were very hungry.

You visited 1 branch of the dungeon, and saw 2 of its levels.

You collected 86 gold pieces.

Inventory:

Armour
 a - a +0 robe (worn)
 n - a cursed +0 pair of gloves (worn)
Jewellery
 g - a ring of protection from cold (left hand)
Scrolls
 c - a scroll of fear {unknown}
 e - 2 scrolls of blinking {unknown}
 i - a scroll of fog {unknown}
 j - a scroll of magic mapping {unknown}
 k - a scroll of identify {unknown}
 l - a scroll of amnesia {unknown}
Potions
 d - 2 potions of curing {unknown}
 f - a potion of lignification {unknown}
 h - a potion of magic {unknown}
 m - a potion of mutation {unknown}
Comestibles
 b - 2 bread rations


   Skills:
 - Level 3.0 Fighting
 - Level 2.6 Dodging
 - Level 1.7 Stealth
 + Level 4.5 Unarmed Combat


You had 2 spell levels left.
You didn't know any spells.

Dungeon Overview and Level Annotations

Branches:
Dungeon (2/15)

Altars:


Innate Abilities, Weirdness & Mutations

You have sharp toenails.
When hurt, damage is shared between your health and your magic reserves.


Message History

The worm is moderately wounded.
You hit the worm but do no damage.
The worm is moderately wounded.
The worm closely misses you.
You hit the worm.
The worm is heavily wounded.
The worm misses you.
You punch the worm!
The worm is almost dead.
You hit the worm but do no damage.
The worm is almost dead.
The worm bites you.
You hit the worm.
You kill the worm!
You have reached level 3!
Your experience leads to an increase in your attributes!
Increase (S)trength, (I)ntelligence, or (D)exterity?
You feel agile.
Your demonic ancestry asserts itself...
Your toenails lengthen and sharpen.
Are you sure you want to abandon this character and quit the game? (Confirm with "yes".)

.##########.# .####.#
#.......##.# ..##)#
#.......##.# #.##.#
#.......##.# #.##.#
#.......##.# #...(#
#.......##.# #..### ####
#.......##.# #..# ...#
#........#.#####..# ##.#
#........#@#......# .#.#
#............####.# .#.#
#........#.######.#
.#.###########.#......#.#
<#.............######.#.#
.........######### #.#.#
.........# #....# #.#.#
#........# #.##.####.#.#
#........# #.##.##...#.#


There were no monsters in sight!

Vanquished Creatures
  A worm (D:2)
  A giant gecko (D:1)
  A giant cockroach (D:1)
  6 goblins (D:1)
  3 hobgoblins
  A ball python (D:1)
  3 bats
  2 giant newts (D:1)
  2 kobolds
  4 rats
24 creatures vanquished.

Vanquished Creatures (others)
  A giant cockroach (D:1)
  A kobold (D:1)
  A rat (D:1)
3 creatures vanquished.

Grand Total: 27 creatures vanquished

Notes
Turn   | Place    | Note
--------------------------------------------------------------
     0 | D:1      | kae the Demonspawn Monk began the quest for the Orb.
     0 | D:1      | Reached XP level 1. HP: 18/18 MP: 1/1
   191 | D:1      | Reached skill level 4 in Unarmed Combat
   239 | D:1      | Gained mutation: When hurt, damage is shared between your health and your magic reserves. [demonic ancestry]
   239 | D:1      | Reached XP level 2. HP: 21/24 MP: 2/2
  1284 | D:2      | Gained mutation: You have sharp toenails. [demonic ancestry]
  1284 | D:2      | Reached XP level 3. HP: 14/29 MP: 3/3
  1285 | D:2      | Quit the game

Vault maps used:
D:1:      ncdulo_wetmaze, lemuel_flame_loot_1
D:2:      old_standard_altar, led_sif_pool, uniq_sigmund

Action                   || total
-------------------------++-------
Melee: Unarmed           ||    92
 Stab: Sleeping          ||     2
